 Zot Defence DCSS version 0.15.2 (webtiles) character file.

315 Kakkamies the Insei (level 5, 0/39 (41) HPs)
             Began as a Demigod Transmuter on June 22, 2017.
             Slain by Bemo the gnoll sergeant
             ... wielding a +3 spear of flaming
              (6 damage)
             ... in the Realm of Zot (Scenario V: Glassed Sandwich).
             The game lasted 00:32:23 (782 turns).

Kakkamies the Insei (Demigod Transmuter)             Turns: 782, Time: 00:32:23

HP   0/39 (41)   AC  2     Str 13      XL: 5   Next: 99%
MP  12/14        EV 13     Int 19      God:
Gold 0           SH  0     Dex 17      Spells:  3 memorised,  4 levels left

rFire  . . .     SeeInvis .       - Unarmed
rCold  . . .     Clarity  .     c - +0 robe
rNeg   . . .     rCorr    .     (no shield)
rPois  .         rRot     .     (helmet restricted)
rElec  .         Spirit   .     (no cloak)
SustAb .         Warding  .     (no gloves)
rMut   .         Stasis   .     (no boots)
Gourm  .                        (no amulet)
MR     .....                    (no ring)
                                (no ring)

@: appendage, not resistant to hostile enchantments, unstealthy
A: horns 2
a: Make oklob sapling, Make arrow trap, Make plant, Remove Curse, Make burning
bush, End Transformation


You were in the Realm of Zot.
You were not hungry.
You had grown temporary horns.
You visited 1 branch

Inventory:

Hand weapons
 g - a +0 dagger
Missiles
 b - 5 arrows
 e - 3 stones (quivered)
Armour
 c - a +0 robe (worn)
 i - a +0 leather armour
Comestibles
 f - a bread ration
Scrolls
 j - a scroll of blinking
Potions
 a - 2 potions of curing
 h - 2 potions of magic
Books
 d - a book of Changes

   Spells                             Type                      Level
   *Beastly Appendage                 Transmutation                1
   *Sticks to Snakes                  Transmutation                2
   *Spider Form                       Transmutation/Poison         3
   Ice Form                           Ice/Transmutation            4
   Blade Hands                        Transmutation                5


   Skills:
 + Level 1.8 Fighting
 + Level 3.0 Dodging
 + Level 3.7 Unarmed Combat
 + Level 3.3 Spellcasting
 + Level 3.0 Transmutations


You had 4 spell levels left.
You knew the following spells:

 Your Spells              Type           Power        Failure   Level  Hunger
a - Beastly Appendage     Trmt           ##....       6%          1    None
b - Sticks to Snakes      Trmt           ##........   10%         2    ##.....
c - Spider Form           Trmt/Pois      #.........   28%         3    ###....


Dungeon Overview and Level Annotations

Branches:
    Zot (1/1)


Innate Abilities, Weirdness & Mutations

You have a pair of horns on your head.


Message History

Your ball python bites Bemo but does no damage.
Your ball python constricts Bemo.
The ooze hits your ball python.
Your ball python dies!
Casting: Sticks to Snakes
Confirm with . or Enter, or press ? or * to list all spells.
You grow a pair of large bovine horns.
An arrow hits the ooze!
Are you sure you want to leave the Orb unguarded? [Y]es or [N]o only, please.
Are you sure you want to leave the Orb unguarded?
Bemo hits you with a runed spear! Bemo burns you.
Things that are here:
a club; a bat skeleton; a goblin skeleton You hit Bemo but do no damage.
Bemo closely misses you. The ooze barely misses you.
You barely miss Bemo. Bemo hits you with a spear of flaming! Bemo burns you.
* * * LOW HITPOINT WARNING * * *
The ooze closely misses you.
Bemo hits you from afar with a spear of flaming.
You die...

▓▓▓▓▓▓▓▓▓▓▓▓▓▓▓▓▓▓▓▓▓▓▓▓▓▓▓▓▓▓▓▓▓
.................(...............
..............▓▓^▓▓..............
.............▓▓.%.▓▓.............
............▓▓..J..▓▓............
...........▓▓...)...▓▓...........
..........▓▓...Jg....▓▓..........
▓▓▓▓▓▓▓▓▓▓▓P.%..).....▓▓▓▓▓▓▓▓▓▓▓
∆∆∆[?/!▓▓▓▓▓▓▓▓P@.▓▓▓▓▓▓▓▓▓)!?∆∆∆
▓▓▓▓▓▓▓▓▓▓▓....)%%...P▓▓▓▓▓▓▓▓▓▓▓
..........▓▓.........▓▓..........
...........▓▓...)...▓▓...........
............▓▓.%%..▓▓............
.............▓▓.%.▓▓.............
..............▓▓^▓▓..............
.................................
▓▓▓▓▓▓▓▓▓▓▓▓▓▓▓▓▓▓▓▓▓▓▓▓▓▓▓▓▓▓▓▓▓


You could see Bemo the gnoll sergeant, 2 oozes and 3 friendly oklob saplings.

Vanquished Creatures
  An ice beast (Zot)
  A worm (Zot)
  An adder (Zot)
  2 oozes (Zot)
  An orc (Zot)
  7 bats (Zot)
  A giant newt (Zot)
  2 goblins (Zot)
16 creatures vanquished.

Vanquished Creatures (collateral kills)
  An iguana (Zot)
  An adder (Zot)
  2 giant geckos (Zot)
  3 ball pythons (Zot)
  4 goblins (Zot)
  4 hobgoblins (Zot)
  5 bats (Zot)
  A giant newt (Zot)
  3 kobolds (Zot)
  3 rats (Zot)
27 creatures vanquished.

Vanquished Creatures (others)
  3 goblins (Zot)
  A kobold (Zot)
  A rat (Zot)
5 creatures vanquished.

Grand Total: 48 creatures vanquished

Notes
Turn   | Place    | Note
--------------------------------------------------------------
     0 | Zot      | Kakkamies, the Demigod Transmuter, began the quest for the Orb.
     0 | Zot      | Reached XP level 1. HP: 15/15 MP: 3/3
   202 | Zot      | Reached skill level 3 in Unarmed Combat
   221 | Zot      | Reached XP level 2. HP: 1/16 MP: 2/5
   227 | Zot      | Learned a level 2 spell: Sticks to Snakes
   267 | Zot      | Reached skill level 1 in Fighting
   332 | Zot      | Reached XP level 3. HP: 9/22 MP: 0/8
   444 | Zot      | Learned a level 3 spell: Spider Form
   467 | Zot      | Noticed Phorarr
   490 | Zot      | Killed Phorarr the ice beast
   490 | Zot      | Reached XP level 4. HP: 34/34 MP: 1/12
   490 | Zot      | Reached XP level 5. HP: 39/39 MP: 1/14
   782 | Zot      | Slain by Bemo the gnoll sergeant

Action                   |  1- 3 |  4- 6 || total
-------------------------+-------+-------++-------
Melee: Unarmed           |    35 |     8 ||    43
 Cast: Beastly Appendage |    10 |     4 ||    14
       Sticks to Snakes  |     6 |     1 ||     7
 Abil: Make oklob saplin |     1 |     2 ||     3
       Make arrow trap   |     1 |     1 ||     2
  Use: Potion            |     4 |       ||     4
